 Dungeon Crawl Stone Soup version 0.20.1-1-g8b1a95d (webtiles) character file.

398 Jannitor the Magician (level 6, -1/41 HPs)
             Began as a Mummy Fire Elementalist on Sept 26, 2017.
             Slain by Edmund
             ... wielding a +3 flail of protection
              (7 damage)
             ... on level 3 of the Dungeon.
             The game lasted 00:08:11 (5941 turns).

Jannitor the Magician (Mummy Fire Elementalist)     Turns: 5941, Time: 00:08:12

Health: -1/41      AC:  3    Str: 12    XL:     6   Next: 53%
Magic:  2/15       EV: 12    Int: 16    God:
Gold:   226        SH:  0    Dex: 12    Spells: 9/17 levels left

rFire    x . .     SeeInvis .   g - +1 dagger
rCold    + . .     Gourm    .   (no shield)
rNeg     + + +     Faith    .   a - +0 robe
rPois    ∞         Spirit   .   (no helmet)
rElec    .         Reflect  .   (no cloak)
rCorr    +         Harm     .   e - +0 pair of gloves
MR       .....                  (no boots)
Stlth    ++........             (no amulet)
Regen    0.2/turn               c - ring of resist corrosion
MPRegen  0.2/turn               (no ring)

@: no status effects
A: no food or potions, fire vulnerability, cold resistance 1, negative energy
resistance 3, torment resistance, unbreathing
a: no special abilities


You were on level 3 of the Dungeon.
You were not hungry.

You visited 1 branch of the dungeon, and saw 4 of its levels.

You collected 226 gold pieces.

Inventory:

Hand Weapons
 g - a +1 dagger (weapon)
 l - a +0 antimagic hand axe
Armour
 a - a +0 robe (worn)
 e - a +0 pair of gloves (worn)
Jewellery
 c - a ring of resist corrosion (left hand)
Scrolls
 f - a scroll of blinking
 i - 4 scrolls of identify
 m - a scroll of enchant weapon
Books
 b - a book of Flames

   Spells                             Type                      Level
   a - Flame Tongue                   Conjuration/Fire             1
   b - Throw Flame                    Conjuration/Fire             2
   c - Conjure Flame                  Conjuration/Fire             3
   d - Inner Flame                    Hexes/Fire                   3
   e - Sticky Flame                   Conjuration/Fire             4
   f - Fireball                       Conjuration/Fire             5


   Skills:
 - Level 1.5 Dodging
 - Level 1.5 Stealth
 + Level 6.1 Spellcasting
 + Level 1.4 Conjurations
 + Level 4.6 Fire Magic


You had 9 spell levels left.
You knew the following spells:

 Your Spells              Type           Power        Failure   Level  Hunger
a - Flame Tongue          Conj/Fire      ##...        4%          1    N/A
b - Conjure Flame         Conj/Fire      ##......     12%         3    N/A
c - Sticky Flame          Conj/Fire      ##......     36%         4    N/A

Dungeon Overview and Level Annotations

Branches:
Dungeon (4/15)
 Temple: D:4-7

Altars:

Annotations:
D:3 Edmund
D:4 exclusion: ogre


Innate Abilities, Weirdness & Mutations

You do not eat or drink.
Your flesh is vulnerable to fire.
You are immune to poison.
Your flesh is cold resistant. (rC+)
You are immune to negative energy. (rN+++)
You are immune to unholy pain and torment.
You can survive without breathing.


Message History

The flame tongue hits Edmund.
Edmund appears unharmed.
Edmund is severely wounded.
Edmund barely misses you.
Casting: Flame Tongue
Confirm with . or Enter, or press ? or * to list all spells.
Aiming: Flame Tongue
Press: ? - help, Shift-Dir - straight line, f/p - Edmund
Aim: Edmund, wielding a flail of protection and wearing a ring mail (severely wounded)
The flame tongue hits Edmund.
Edmund is almost dead.
Edmund hits you with a flail of protection!
* * * LOW HITPOINT WARNING * * *
Casting: Flame Tongue
Confirm with . or Enter, or press ? or * to list all spells.
Aiming: Flame Tongue
Press: ? - help, Shift-Dir - straight line, f/p - Edmund
Aim: Edmund, wielding a flail of protection and wearing a ring mail (almost dead)
The flame tongue misses Edmund.
Edmund hits you with a flail of protection!
You die...

#.............<#####.....#
#........................#
#........................#
#........................#
####.................)...#
####......##....(......
##........'............
###.......÷.#(...........
#.......@...'...((.......
#.......@...#..(.(......#
#...........#...........#
#.........###...........#
###........##...........'
#........##...........#
#........###...........
#........#.......(.....
#........#.#...........


You could see Edmund.

Vanquished Creatures
  A centaur (D:3)
  2 hounds
  2 orc priests (D:3)
  A worker ant (D:4)
  3 gnolls
  5 adders
  3 oozes
  2 worms
  2 dart slugs (D:1)
  A leopard gecko (D:1)
  4 orcs
  A giant cockroach (D:1)
  9 goblins
  6 hobgoblins (D:1)
  12 jackals (D:3)
  3 quokkas
  9 bats
  6 kobolds
  9 rats
81 creatures vanquished.

Notes
Turn   | Place    | Note
-------+----------+-------------------------------------------
     0 | D:1      | Jannitor the Mummy Fire Elementalist began the quest for the Orb.
     0 | D:1      | Reached XP level 1. HP: 13/13 MP: 4/4
   177 | D:1      | Reached skill level 3 in Spellcasting
   487 | D:1      | Reached XP level 2. HP: 19/19 MP: 1/6
  1339 | D:1      | Reached XP level 3. HP: 21/24 MP: 0/8
  1993 | D:2      | Reached skill level 4 in Spellcasting
  1993 | D:2      | Reached XP level 4. HP: 19/30 MP: 0/10
  2350 | D:2      | Learned a level 3 spell: Conjure Flame
  2355 | D:2      | Learned a level 4 spell: Sticky Flame
  3543 | D:4      | Reached XP level 5. HP: 32/35 MP: 4/12
  3604 | D:4      | Noticed an ogre
  3660 | D:4      | Reached skill level 5 in Spellcasting
  3839 | D:4      | Noticed Edmund
  5039 | D:3      | Reached XP level 6. HP: 17/41 MP: 7/14
  5630 | D:3      | Reached skill level 6 in Spellcasting
  5630 | D:3      | Reached skill level 1 in Conjurations
  5941 | D:3      | Slain by Edmund

Skill      XL: |  1  2  3  4  5  6 |
---------------+-------------------+-----
Spellcasting   | 3 4 5 6 |  6.1
Fire Magic     | 3 4 |  4.6
Conjurations   | 1 |  1.4
Dodging        | |  1.5
Stealth        | |  1.5

Action                   |  1- 3 |  4- 6 || total
-------------------------+-------+-------++-------
Melee: Dagger            |    10 |    16 ||    26
       Unarmed           |     1 |       ||     1
 Cast: Flame Tongue      |    79 |   145 ||   224
       Conjure Flame     |       |     1 ||     1
  Use: Scroll            |       |     9 ||     9
Armor: Robe              |    14 |    28 ||    42
Dodge: Dodged            |    41 |   100 ||   141
